 Dungeon Crawl Stone Soup version 0.28-a0-1389-gc726bef33b (webtiles) character file.

Game seed: 4194430367565905434

49 ChaosChampion the Insei (level 3, -5/24 HPs)
             Began as an Octopode Transmuter on Jan 3, 2022.
             Slain by an ogre (15 damage)
             ... on level 2 of the Dungeon.
             The game lasted 00:01:32 (1591 turns).

ChaosChampion the Insei (Octopode Transmuter)       Turns: 1591, Time: 00:01:32

Health: -5/24      AC:  1    Str:  9    XL:     3   Next: 75%
Magic:  3/6        EV: 13    Int: 17    God:
Gold:   34         SH:  0    Dex: 12    Spells: 3/6 levels left

rFire   . . .      SeeInvis .     - Unarmed
rCold   . . .      Faith    .   g - orb {*Rage}
rNeg    . . .      Spirit   .   (helmet currently unavailable)
rPois   .          Reflect  .   (no amulet)
rElec   .          Harm     .   (no ring)
rCorr   .          Rampage  .   (no ring)
Will    .....      Rage     20% (no ring)
Stlth   ++........              (no ring)
HPRegen 0.08/turn               (no ring)
MPRegen 0.10/turn               (no ring)
                                (no ring)
                                (no ring)

@: appendages (expiring), wereblooded
A: tentacle spike 3, almost no armour, amphibious, 8 rings, camouflage 1,
gelatinous body 1, (nimble swimmer 1), tentacles
a: End Transformation


You were on level 2 of the Dungeon.
One of your tentacles had grown a beastly spike.
You visited 1 branch of the dungeon, and saw 2 of its levels.

You collected 34 gold pieces.

Inventory:

Armour
 g - an orb of wrath (worn)
Magical Staves
 a - a staff of air
Scrolls
 b - 2 scrolls of identify {unknown}
 d - a scroll of magic mapping {unknown}
 f - a scroll of noise {unknown}
 h - a scroll of torment {unknown}
Potions
 c - a potion of heal wounds {unknown}
 e - a potion of flight {unknown}


   Skills:
 + Level 1.7 Fighting
 + Level 2.4 Dodging
 * Level 3.7 Unarmed Combat
 - Level 2.0 Spellcasting
 + Level 2.4 Transmutations


You had 3 spell levels left.
You knew the following spells:

 Your Spells              Type           Power      Damage    Failure   Level
a - Beastly Appendage     Tmut           18%        N/A       7%          1
b - Wereblood             Tmut           9%         N/A       11%         2

Your spell library contained the following spells:

 Spells                   Type           Power      Damage    Failure   Level
 Spider Form              Tmut/Pois      5%         N/A       34%         3
 Ice Form                 Ice/Tmut       5%         N/A       75%         4


Dungeon Overview and Level Annotations

Branches:
Dungeon (2/15)

Altars:


Innate Abilities, Weirdness & Mutations

One of your tentacles has grown a beastly spike.
You cannot wear most types of armour.
You are amphibious.
You can wear up to eight rings at the same time.
Your skin changes colour to match your surroundings (Stealth+).
Your rubbery body absorbs attacks. (AC +1, EV +1)
((You are camouflaged when in or above water. (Stealth+)))
You have tentacles for arms and can constrict up to eight enemies at once.


Message History

No target in view!
No target in view!
No target in view!
You feel sick.
You feel sick.
You feel sick.
Your transformation is almost over.
You feel sick.
You are no longer poisoned.
Your tentacle spike disappears.
Found a stone staircase leading up.
You open the door.
An endoplasm, an ogre and a phantom come into view.
There are monsters nearby!
Casting: Beastly Appendage (safe; 7% risk of failure)
Confirm with . or Enter, or press ? or * to list all spells.
One of your tentacles grows a vicious spike.
The ogre shouts!
A bat comes into view.
An ogre comes into view. It is wielding a +0 giant spiked club.
Your transformation is almost over.
Your tentacle spike disappears.
Casting: Beastly Appendage (safe; 7% risk of failure)
Confirm with . or Enter, or press ? or * to list all spells.
One of your tentacles grows a vicious spike.
Casting: Beastly Appendage (safe; 7% risk of failure)
Confirm with . or Enter, or press ? or * to list all spells.
Your blood is infused with primal strength.
You miss the phantom.
The phantom hits you but does no damage.
You tentacle-slap the phantom.
You tentacle-slap the phantom, but do no damage.
You squeeze the phantom, but do no damage.
The phantom is lightly damaged.
The phantom hits you!
The phantom blinks!
You blink.
Your transformation is almost over.
The phantom hits you!
The ogre hits you with a +0 giant spiked club!
Ouch! That really hurt!
You die...

###############
#.............#
#.###########.####
#.# ####.....
##.#### #........
#.....# #.#####.#
#..##.# #.# #.#
#.@# # #.# #.#
##OW# #.# #.#
###...## #.# #.#
#########......#
#.# #.#
#.............##
#.# ##.#
#.#######.##.##
#.# #... #.####
#.# ##.# #.# ..
##.## #.# #.#
.##.#...## #.#


You could see a phantom and an ogre.

Vanquished Creatures
  An adder (D:2)
  2 dart slugs (D:1)
  2 bats (D:1)
  2 endoplasms (D:1)
  2 giant cockroaches (D:1)
  2 goblins (D:1)
  5 hobgoblins
  3 jackals (D:1)
  A quokka (D:1)
  2 ball pythons (D:1)
  3 frilled lizards
  4 kobolds
  3 rats (D:1)
32 creatures vanquished.

Notes
Turn   | Place    | Note
-------+----------+-------------------------------------------
     0 | D:1      | ChaosChampion the Octopode Transmuter began the quest for
                  | the Orb.
     0 | D:1      | Reached XP level 1. HP: 13/13 MP: 3/3
   158 | D:1      | Reached XP level 2. HP: 18/18 MP: 5/5
   183 | D:1      | Learned a level 2 spell: Wereblood
   468 | D:1      | Reached XP level 3. HP: 13/23 MP: 6/6
  1242 | D:2      | Found a faded altar of an unknown god.
  1559 | D:2      | Noticed a phantom
  1559 | D:2      | Noticed an ogre
  1560 | D:2      | Noticed an ogre
  1591 | D:2      | Slain by an ogre

Illustrated notes

Levels and vault maps discovered:
D:1:      dpeg_arrival_chambers_temple_mockup, layout_rooms, serial_forest,
          infiniplex_forest_lined_1, infiniplex_forest_clump_tiny,
          infiniplex_forest_clump_tiny, infiniplex_forest_corner_1,
          infiniplex_forest_end_3, infiniplex_forest_lined_3
D:2:      layout_loops_ring, ebering_ecumenical_altar_hall,
          minmay_divided_ellipse

Action                   || total
-------------------------++-------
Melee: Unarmed           ||    73
       Tentacles         ||    17
       Constrict         ||    23
       Punch             ||     2
       Kick              ||     3
 Cast: Beastly Appendage ||    10
       Wereblood         ||     2
 Stab: Sleeping          ||     4
Armor: Skin              ||     2
Dodge: Dodged            ||    29

Table legend: (Time is in decaauts)
 A = Elapsed time spent in this place.
 B = Non-inter-level travel time spent in this place.
 C = Inter-level travel time spent in this place.
 D = Time resting spent in this place.
 E = Time spent auto-exploring this place.
 F = Levels seen in this place.
 G = Mean time per level.
                   A        B        C        D        E       F      G
               +--------+--------+--------+--------+--------+-----+--------+
         Total |   1586 |   1568 |     18 |      0 |   1322 |   2 |  793.0 |
       Dungeon |   1586 |   1568 |     18 |      0 |   1322 |   2 |  793.0 |
               +--------+--------+--------+--------+--------+-----+--------+

Top non-repeatable levels by time:
     D:1: 1101 daAuts
     D:2: 485 daAuts
